 Dungeon Crawl Stone Soup version 0.31.0-10-gcf4a605ca0 (webtiles) character file.

Game seed: 5355013922301918396

193 tsouns the Slasher (level 5, -6/32 HPs)
             Began as a Vampire Fighter on Jan 25, 2024.
             Was an Initiate of Gozag.
             Mangled by a gnoll
             ... wielding a +0 flail
              (11 damage)
             ... on level 4 of the Dungeon.
             The game lasted 00:04:17 (2434 turns).

tsouns the Slasher (Vampire Fighter)                Turns: 2434, Time: 00:04:18

Health: -6/32      AC:  8    Str: 15    XL:     5   Next: 43%
Magic:  5/5        EV:  8    Int: 12    God:    Gozag
Gold:   305        SH:  5    Dex: 14    Spells: 4/4 levels left

rFire   . . .        a - +0 long sword
rCold   + + .        c - +0 buckler
rNeg    + + +        b - +0 scale mail
rPois   ∞            (no helmet)
rElec   .            (no cloak)
rCorr   .            (no gloves)
SInv    +            h - +1 pair of boots
Will    .....        (no amulet)
Stlth   ++           (no ring)
HPRegen 0.00/turn    (no ring)
MPRegen 0.09/turn

%: no passive effects
@: brilliant, gold aura, bloodless, inhibited regen
A: bloodless, fangs 3, see invisible, vampiric 2
a: Bat Form, Revivify, Renounce Religion, Potion Petition, Call Merchant, Bribe
Branch


You were on level 4 of the Dungeon.
You worshipped Gozag.
Gozag was aware of your devotion.
You visited 1 branch of the dungeon, and saw 4 of its levels.

You collected 332 gold pieces.
You paid 27 gold pieces to Gozag.

Inventory:

Hand Weapons
 a - a +0 long sword (weapon)
Missiles
 e - 6 silver javelins (quivered)
Armour
 b - a +0 scale mail (worn)
 c - a +0 buckler (worn)
 h - a +1 pair of boots (worn)
 r - a +0 plate armour
Jewellery
 d - a +6 ring of intelligence
Scrolls
 i - a scroll of noise
Potions
 f - 2 potions of curing
 j - 2 potions of degeneration
 l - a potion of mutation


   Skills:
 + Level 3.4 Fighting
 * Level 3.9 Long Blades
 - Level 2.9 Armour
 + Level 1.5 Stealth
 + Level 3.4 Shields


You had 4 spell levels left.
You didn't know any spells.
Your spell library contained the following spells:

 Spells                   Type           Power      Damage    Failure   Level
 Dazzling Flash           Conj/Hex       0%         N/A       99%         3
 Mephitic Cloud           Conj/Alch/Air  0%         N/A       99%         3
 Curse of Agony           Necr           0%         N/A       100%        5
 Silence                  Hex/Air        0%         N/A       100%        5


Dungeon Overview and Level Annotations

Branches:
Dungeon (4/15)
 Temple: D:4-7

Altars:
Gozag
Hepliaklqana


Innate Abilities, Weirdness & Mutations

You do not regenerate when monsters are visible.
You are frail without blood (-20% HP).
You can heal yourself when you bite living creatures.
You are immune to poison.
You have razor-sharp teeth.
You have supernaturally acute eyesight. (SInv)
You are afflicted with vampirism and can become a bat while bloodless.


Message History

You barely miss the gnoll.
The gnoll hits you from afar with a +0 spear.
The gnoll closely misses you.
You are too injured to fight recklessly!
You are too injured to fight recklessly!
You are too injured to fight recklessly!
You are too injured to fight recklessly!
You are too injured to fight recklessly!
You are too injured to fight recklessly!
You are too injured to fight recklessly!
You are too injured to fight recklessly!
You are too injured to fight recklessly!
You are too injured to fight recklessly!
You are too injured to fight recklessly!
You are too injured to fight recklessly!
You are too injured to fight recklessly!
You are too injured to fight recklessly!
You are too injured to fight recklessly!
You are too injured to fight recklessly!
You are too injured to fight recklessly!
You are too injured to fight recklessly!
You hit the gnoll.
The gnoll is moderately wounded.
The gnoll closely misses you. The gnoll hits you with a +0 flail!
* * * LOW HITPOINT WARNING * * *
You hit the gnoll but do no damage.
The gnoll is lightly wounded.
The gnoll hits you with a +0 flail.
* * * LOW HITPOINT WARNING * * *
You feel better. The gnoll hits you with a +0 flail!
* * * LOW HITPOINT WARNING * * *
Okay, then.
It was a potion of lignification.
You feel woody for a moment. The gnoll hits you with a +0 flail.
* * * LOW HITPOINT WARNING * * *
It was a potion of brilliance.
You feel clever all of a sudden. The gnoll hits you with a +0 flail!
You die...
Your body crumbles into a pile of gold.

,,,,,,,,,* #####....##...##**###
,,,,,,,,** ####........#### ***
,,,,,,,** ###........##### ***,,
,,,,,,** ###.........####**,,,,
,,,,,** ##..........####,,,,,,
,,,,** ##..........####,,,,,,
,,,,*** #.........>.###.,,,,,,
,,,,,,**** #..........####.,,,,,,
,,,,,,,,,**#....@...######.,,,,,,
,*******.....##g##########,,,,,,,
** *#..##*##$.## *,,,,,,,
********#,,* ##g.#**** **,,,,,,
,,,,,,**,,** *##.....#* **,,,,,
,,,,,,,*,** ***,.......# **,,,,
,,,,,,,,,* ***,,........# ***,<
,,,,,,,,** *,,,.g.......#****,,,,
,,,,,,,,,* **,..........#*,,,,***


You could see a gnoll.

Vanquished Creatures
  A bombardier beetle (D:4)
  A sleepcap (D:4)
  Jessica (D:2)
  A gnoll (D:4)
  5 adders
  A dart slug (D:3)
  2 ribbon worms (D:3)
  9 ball pythons
  2 endoplasms
  2 giant cockroaches (D:1)
  3 goblins
  4 hobgoblins
  3 quokkas
  4 bats (D:1)
  2 frilled lizards
  6 kobolds
  4 rats
51 creatures vanquished.

Notes
Turn   | Place    | Note
-------+----------+-------------------------------------------
     0 | D:1      | tsouns the Vampire Fighter began the quest for the Orb.
     0 | D:1      | Reached XP level 1. HP: 17/17 MP: 1/1
   243 | D:1      | Reached XP level 2. HP: 18/18 MP: 2/2
   787 | D:2      | Found an opulent altar of Gozag.
   799 | D:2      | Became a worshipper of Gozag Ym Sagoz the Greedy
   814 | D:2      | Gained mutation: You are afflicted with vampirism and can
                  | become a bat while bloodless. [Vampire growth]
   814 | D:2      | Reached XP level 3. HP: 22/22 MP: 3/3
   915 | D:2      | Noticed Jessica
   924 | D:2      | Killed Jessica
  1005 | D:2      | Reached XP level 4. HP: 28/28 MP: 4/4
  1438 | D:3      | Found a hazy altar of Hepliaklqana.
  1561 | D:3      | HP: 1/28 [ribbon worm (5)]
  2173 | D:4      | Reached XP level 5. HP: 32/32 MP: 5/5
  2191 | D:4      | Reached skill level 1 in Stealth
  2434 | D:4      | Mangled by a gnoll

Illustrated notes

Levels and vault maps discovered:
D:1:      wander_arrival_fairy_ring, layout_basic
D:2:      layout_basic, basic_altar, nicolae_twisty_statue_hallways,
          uniq_jessica
D:3:      layout_basic, mainiacjoe_overflow_alcove_1, minmay_cut_off
D:4:      layout_cave_pods, minivault_1

Skill      XL: |  1  2  3  4  5 |
---------------+----------------+-----
Shields        | 3 |  3.4
Fighting       | 3 |  3.4
Long Blades    | 3 |  3.9
Stealth        | 1 |  1.5
Armour         | |  2.9

Action                     |  1- 3 |  4- 6 || total
---------------------------+-------+-------++-------
  Melee: Long sword        |    76 |   107 ||   183
         Bite              |     8 |    10 ||    18
Ability: Exsanguinate      |     1 |       ||     1
    Use: Potion            |       |     5 ||     5
         Scroll            |       |     8 ||     8
   Stab: Sleeping          |     3 |     3 ||     6
         Distracted        |     1 |       ||     1
 Armour: Scale mail        |    51 |    86 ||   137
  Dodge: Dodged            |    27 |    47 ||    74
  Block: Buckler           |    24 |    23 ||    47
